[Event "45th FIDE Womens Olympiad 2024"]
[Site "Budapest"]
[Date "2024.09.15"]
[Round "5.14"]
[White "Sokolova, Larisa"]
[Black "Majid, Zara"]
[Result "1/2-1/2"]
[ECO "B07"]
[WhiteElo "1705"]
[BlackElo "1411"]
[PlyCount "96"]
[EventDate "2024.09.05"]
[EventType "team-tourn"]
[EventCountry "HUN"]
[WhiteTeam "Cyprus"]
[BlackTeam "Cayman Islands"]
[WhiteTeamCountry "CYP"]
[BlackTeamCountry "CAY"]
[TimeControl "40/5400+30:1800+30"]

1. e4 d6 2. Nc3 Nf6 3. d4 g6 4. Bc4 Bg7 5. Nge2 O-O 6. O-O Nxe4 7. Nxe4 d5 8. Bd3 dxe4 9. Bxe4 c6 10. c3 Nd7 11. Bg5 h6 12. Be3 Nf6 13. Bc2 Nd5 14. Nf4 Nxe3 15. fxe3 e5 16. Nd3 Qg5 17. Qf3 Be6 18. Nc5 exd4 19. exd4 Bd5 20. Ne4 Qe7 21. Qd3 b5 22. b3 Qxe4 23. Qxe4 Bxe4 24. Bxe4 Rac8 25. Rac1 Rfe8 26. Bf3 b4 27. Rfd1 Red8 28. Kf1 bxc3 29. Rxc3 Rxd4 30. Rxd4 Bxd4 31. Rxc6 Rxc6 32. Bxc6 Bc5 33. Ke2 Bb4 34. Kd3 Kf8 35. Kc4 a5 36. Kb5 Ke7 37. a3 Bxa3 38. Kxa5 Bd6 39. h3 f5 40. b4 g5 41. Bf3 Kf6 42. b5 Ke5 43. b6 Kf4 44. b7 g4 45. hxg4 fxg4 46. Bc6 h5 47. Kb6 Bb8 48. Kc5 g3 1/2-1/2

[Event "45th FIDE Womens Olympiad 2024"]
[Site "Budapest"]
[Date "2024.09.15"]
[Round "5.15"]
[White "Nomin-Erdene, Davaademberel"]
[Black "Krush, Irina"]
[Result "1/2-1/2"]
[ECO "A37"]
[WhiteElo "2319"]
[BlackElo "2396"]
[Annotator "TA"]
[PlyCount "87"]
[EventDate "2024.09.05"]
[EventType "team-tourn"]
[EventCountry "HUN"]
[SourceTitle "playchess.com"]
[Source "ChessBase"]
[SourceQuality "1"]
[WhiteTeam "Mongolia"]
[BlackTeam "United States of America"]
[WhiteTeamCountry "MGL"]
[BlackTeamCountry "USA"]
[TimeControl "40/5400+30:1800+30"]

1. Nf3 c5 2. c4 Nc6 3. g3 g6 4. Bg2 Bg7 5. Nc3 d6 6. d3 Bf5 7. h3 e5 8. Be3 Nge7 {[%emt 0:03:04] The position is equal.} 9. Qd2 h6 10. Rb1 Qd7 11. a3 Rd8 12. b4 b6 13. Qc1 Be6 14. Bd2 f5 15. h4 Kf8 16. O-O Kg8 17. e4 Kh7 18. Nd5 Rhf8 19. b5 Nb8 20. Nh2 Rde8 21. a4 Qd8 22. a5 Nxd5 23. exd5 Bc8 24. axb6 axb6 25. Ra1 Qc7 26. Ra8 Bb7 27. Ra7 {[%emt 0:00:05][%cal Oh4h5] And now h5! would win.} Nd7 28. Qc2 Re7 29. Rfa1 Nf6 30. Bc3 Qd8 31. Qb2 Rff7 32. R7a3 Qf8 33. Qc2 Re8 34. Ra7 Rd7 35. Qb2 Qf7 36. Qc2 Kg8 37. Qb2 Rde7 38. Qc1 Kh8 39. Qd2 Kh7 40. Qc1 Kg8 41. R7a2 Kh7 42. Ra7 Bh8 43. R7a3 Bg7 44. Ra7 {[%emt 0:00:47] Weighted Error Value: White=0.13 (very precise) /Black=0.13 (very precise) .  Inaccurate:     	White=9     	Black=9      OK:         	White=9     	Black=11     Best:        	---       	Black=1} 1/2-1/2

[Event "45th FIDE Womens Olympiad 2024"]
[Site "Budapest"]
[Date "2024.09.15"]
[Round "5.15"]
[White "Patil, Anvita Niranjan"]
[Black "Paunescu, Aida"]
[Result "0-1"]
[ECO "B13"]
[WhiteElo "1589"]
[BlackElo "1603"]
[PlyCount "106"]
[EventDate "2024.09.05"]
[EventType "team-tourn"]
[EventCountry "HUN"]
[WhiteTeam "Cayman Islands"]
[BlackTeam "Cyprus"]
[WhiteTeamCountry "CAY"]
[BlackTeamCountry "CYP"]
[TimeControl "40/5400+30:1800+30"]

1. e4 c6 2. d4 d5 3. exd5 cxd5 4. c3 Nc6 5. Nf3 Nf6 6. Bf4 Bf5 7. Nbd2 e6 8. Bb5 Bd6 9. Bg3 O-O 10. O-O Rc8 11. Re1 a6 12. Ba4 Na5 13. Rc1 Nc4 14. Nxc4 Rxc4 15. Bc2 Bxc2 16. Qxc2 Ne4 17. Bxd6 Qxd6 18. Ne5 Rc7 19. f3 Nf6 20. Kh1 Rfc8 21. Nd3 Nd7 22. Qb3 h6 23. Qb4 Qf8 24. g3 b6 25. Qxf8+ Kxf8 26. Kg2 Nb8 27. Kf2 Nc6 28. Ne5 Nxd4 29. Nd7+ Rxd7 30. cxd4 Rdc7 31. Rxc7 Rxc7 32. Re3 Rc4 33. Rd3 Rc2+ 34. Ke3 Rxb2 35. Rd2 Rxd2 36. Kxd2 Ke7 37. Kc3 Kd6 38. a4 f6 39. Kb4 e5 40. dxe5+ Kxe5 41. Kc3 d4+ 42. Kd3 Kd5 43. h4 b5 44. axb5 axb5 45. g4 b4 46. Kc2 Kc4 47. f4 b3+ 48. Kd2 d3 49. Kc1 Kc3 50. g5 b2+ 51. Kb1 d2 52. gxh6 d1=Q+ 53. Ka2 Qa1# {0-} 0-1

[Event "45th FIDE Womens Olympiad 2024"]
[Site "Budapest"]
[Date "2024.09.15"]
[Round "5.16"]
[White "Lee, Alice"]
[Black "Mungunzul, Bat-Erdene"]
[Result "1/2-1/2"]
[ECO "D12"]
[WhiteElo "2384"]
[BlackElo "2224"]
[Annotator "TA"]
[PlyCount "116"]
[EventDate "2024.09.05"]
[EventType "team-tourn"]
[EventCountry "HUN"]
[SourceTitle "playchess.com"]
[Source "ChessBase"]
[SourceQuality "1"]
[WhiteTeam "United States of America"]
[BlackTeam "Mongolia"]
[BlackTeamCountry "MGL"]
[TimeControl "40/5400+30:1800+30"]

1. d4 d5 2. c4 c6 3. Nf3 Nf6 4. e3 Bf5 5. Nh4 Be4 6. Nc3 e6 7. f3 Bg6 {[%emt 0:00:25] D12: Slav Defence: 3 Nf3 Nf6 4 e3 Bf5.} 8. Bd2 Be7 9. Nxg6 hxg6 10. Qc2 a6 11. O-O-O dxc4 12. Bxc4 b5 13. Be2 Nbd7 14. Kb1 c5 15. d5 exd5 16. Bc1 Nb6 17. g4 b4 $146 ({Predecessor:} 17... d4 18. exd4 c4 19. d5 Bd6 20. g5 Nh5 21. f4 Qd7 22. Rhg1 Kf8 23. Ne4 Re8 {1-0 Maghsoodloo,P (2707)-Lagunow,R (2425) Qatar Masters op 2023 (3)}) 18. Na4 Nfd7 19. f4 Qc7 20. Bf3 Qc6 21. Nxb6 $1 Nxb6 22. e4 d4 23. Rxd4 Rc8 24. Rdd1 c4 25. f5 (25. h4 $11) 25... Rh3 ({Better is} 25... gxf5 $15 26. Rhf1 Qb5 27. exf5 b3) 26. Qg2 {[%emt 0:12:24] [#]} (26. Rdf1 $1 $11) 26... c3 $1 $17 27. Ka1 (27. bxc3 $2 bxc3 28. Qc2 Rxf3 $19) 27... Bf6 (27... c2 28. Rd2 Rxf3 29. Qxf3 $16) 28. e5 $1 (28. Qxh3 cxb2+ 29. Bxb2 Bxb2+ 30. Kxb2 Na4+ (30... Qc2+ 31. Ka1 Qc3+ 32. Kb1 Nc4 33. Qh8+ Ke7 34. Qh4+ f6 35. Rd7+ Kxd7 36. Rd1+ Ke7 37. Qxf6+ gxf6 38. Rd7+ Kxd7 39. fxg6 Nd2#) 31. Kb3 Qc3+ 32. Kxa4 Qa3#) 28... Qxf3 (28... Rxf3 $6 29. Rd6 $16) 29. Qxf3 Rxf3 30. exf6 gxf6 (30... gxf5 $2 {perishes.} 31. fxg7 Ke7 32. g8=Q (32. Rhe1+ Kf6 $18) 32... Rxg8 (32... cxb2+ 33. Bxb2 f4 34. Rhe1+ Re3 35. Rxe3+ fxe3 36. Qg5+ Ke8 37. Qxe3+ Kf8 38. Qxb6) 33. Rhe1+ Kf6 34. Rd6+ Kg7 35. Rxb6 $18) 31. bxc3 bxc3 (31... Rcxc3 $2 {too greedy.} 32. fxg6 fxg6 33. Rhe1+ Kf7 34. Rd6 $18) 32. Rhe1+ (32. Rd6 $1 $15 Nc4 33. Rxf6) 32... Kf8 $17 33. Rd6 Nc4 34. Rxf6 a5 35. Ra6 gxf5 (35... g5 $17 {...c2 is the strong threat.} 36. Ra7 (36. Bxg5 $2 {is the wrong capture.} c2 $19) 36... Kg8) 36. gxf5 $11 Nd2 37. Ba3+ Kg7 38. Rg1+ Kh7 39. Rxa5 Nc4 40. Ra6 Rxf5 41. Bc1 Nd2 42. Ra4 Rh5 43. Rg2 Rg8 44. Rxg8 Kxg8 45. Rg4+ Kh7 46. Bxd2 cxd2 47. Rd4 Rxh2 48. Kb1 Rh1+ 49. Kc2 Ra1 50. Kxd2 Rxa2+ 51. Ke3 Kg6 52. Kf3 Ra3+ 53. Kf2 Kg5 54. Rb4 f5 55. Rc4 $1 Ra2+ 56. Kf3 Ra3+ 57. Kf2 Ra2+ 58. Kf3 Ra3+ 1/2-1/2

[Event "45th FIDE Womens Olympiad 2024"]
[Site "Budapest"]
[Date "2024.09.15"]
[Round "5.17"]
[White "Khamdamova, Afruza"]
[Black "Dzagnidze, Nana"]
[Result "1/2-1/2"]
[ECO "B19"]
[WhiteElo "2313"]
[BlackElo "2508"]
[Annotator "TA"]
[PlyCount "131"]
[EventDate "2024.09.05"]
[EventType "team-tourn"]
[EventCountry "HUN"]
[SourceTitle "playchess.com"]
[Source "ChessBase"]
[SourceQuality "1"]
[WhiteTeam "Uzbekistan"]
[BlackTeam "Georgia"]
[WhiteTeamCountry "UZB"]
[BlackTeamCountry "GEO"]
[TimeControl "40/5400+30:1800+30"]

1. e4 c6 2. d4 d5 3. Nc3 dxe4 4. Nxe4 Bf5 5. Ng3 Bg6 6. h4 h6 7. Nf3 Nd7 8. Bd3 Bxd3 9. Qxd3 e6 10. Bf4 $1 {[%emt 0:00:16] 10.Bf4 scores better than 10.Bd2.} Ngf6 11. O-O {[%emt 0:04:56] B19: Classical Caro-Kann: 4...Bf5 main line.} Be7 12. c4 O-O 13. Rfd1 Qa5 $146 ({Predecessor:} 13... Nb6 14. b3 c5 15. Qe3 cxd4 16. Nxd4 Qe8 17. Qf3 Qc8 18. Qe3 Bc5 19. Ne4 Nxe4 20. Qxe4 {0-1 Meng,W (1406)-Wu,Y (1539) CHN-ch U12 Girls 2024 (5)}) 14. a3 b5 15. Rac1 bxc4 16. Rxc4 Qb5 17. Qc2 Nd5 18. a4 Qb7 19. Bd2 Rfc8 20. a5 Rab8 21. Rb1 c5 22. dxc5 Rxc5 23. Ne4 Rxc4 24. Qxc4 Qb3 ({Black should play} 24... Rc8 $17 25. Qd3 Bb4) 25. Qxb3 $11 Rxb3 26. Nc3 Bf6 27. Nxd5 exd5 28. Be3 a6 29. Rd1 Rb5 30. b4 $1 Bc3 (30... Rxb4 31. Rxd5 Nb8 32. Rc5 $14) 31. Bd2 Bxd2 ({Inferior is} 31... Bxb4 32. Nd4 Bxd2 33. Nxb5 Bxa5 34. Na7 $16 (34. Rxd5 Nf6 $17)) 32. Rxd2 Nb8 33. Ne5 f6 34. Nd3 Nc6 35. g3 d4 36. Rc2 Nxb4 37. Nxb4 (37. Rb2 $1 $11 Nc6 (37... Nxd3 $2 {perishes.} 38. Rxb5 f5 39. Rd5 $18) 38. Rxb5 axb5 39. a6) 37... Rxb4 $17 38. Rc6 d3 39. Rd6 Rb5 40. Rxd3 Rxa5 41. Rd7 Rb5 (41... Kh7 $17) 42. Ra7 $15 a5 43. Kg2 Kh7 44. g4 h5 45. f3 hxg4 46. fxg4 Rb4 47. Rxa5 (47. Kf3 $1 $11) 47... Rxg4+ $17 48. Kh3 Rc4 49. Kg3 Kg6 50. Rb5 f5 ({Black should try} 50... Kh6 $17) 51. Ra5 (51. Rb8 $11) 51... Rc3+ (51... Rg4+ $15 52. Kh3 Rg1) 52. Kg2 (52. Kf4 $1 $11 {keeps the balance.}) 52... Re3 $17 53. Rb5 Kf6 54. Ra5 g6 55. Rb5 f4 (55... Re5 $17 56. Rb6+ Re6) 56. Ra5 Re5 57. Ra3 Kf5 58. Kf3 Rb5 59. Rc3 Ra5 60. Rb3 Re5 61. Ra3 Re3+ 62. Rxe3 fxe3 63. h5 $1 gxh5 64. Kxe3 Kg4 65. Kf2 h4 66. Kg2 1/2-1/2

[Event "45th FIDE Womens Olympiad 2024"]
[Site "Budapest"]
[Date "2024.09.15"]
[Round "5.17"]
[White "Hamadeh, Sally"]
[Black "Yavo Tchetche, Marie"]
[Result "0-1"]
[ECO "B40"]
[WhiteElo "1557"]
[BlackElo "1686"]
[PlyCount "82"]
[EventDate "2024.09.05"]
[EventType "team-tourn"]
[EventCountry "HUN"]
[WhiteTeam "Lebanon"]
[BlackTeam "Cote d/^Ivoire"]
[WhiteTeamCountry "LBN"]
[TimeControl "40/5400+30:1800+30"]

1. e4 e6 2. Nf3 c5 3. d4 cxd4 4. Nxd4 Nf6 5. Nc3 Bb4 6. Bd3 h6 7. O-O Bxc3 8. bxc3 d6 9. Ba3 a6 10. Kh1 e5 11. Ne2 O-O 12. c4 Be6 13. Nc3 Qc7 14. Qe2 Nbd7 15. Rfd1 Rfc8 16. Nd5 Bxd5 17. cxd5 b5 18. Qd2 Nc5 19. f3 Nfd7 20. Rab1 Na4 21. Bb2 Nxb2 22. Rxb2 Nc5 23. g3 Na4 24. Rb3 Nc3 25. Rg1 Nxa2 26. f4 f6 27. Be2 Qxc2 28. Rb2 Qxd2 29. Rxd2 Nc3 30. Bf3 Rc4 31. Re1 a5 32. Rc2 b4 33. Bd1 b3 34. Rb2 Nxd1 35. Rxd1 a4 36. Ra1 Rac8 37. Kg2 Rc2+ 38. Rxc2 Rxc2+ 39. Kf3 b2 40. Rb1 a3 41. Ke3 Rc1 {0-} 0-1

[Event "45th FIDE Womens Olympiad 2024"]
[Site "Budapest"]
[Date "2024.09.15"]
[Round "5.18"]
[White "Javakhishvili, Lela"]
[Black "Yakubbaeva, Nilufar"]
[Result "1/2-1/2"]
[ECO "B14"]
[WhiteElo "2446"]
[BlackElo "2248"]
[Annotator "RC"]
[PlyCount "131"]
[EventDate "2024.09.05"]
[EventType "team-tourn"]
[EventCountry "HUN"]
[SourceTitle "playchess.com"]
[Source "ChessBase"]
[SourceQuality "1"]
[WhiteTeam "Georgia"]
[BlackTeam "Uzbekistan"]
[WhiteTeamCountry "GEO"]
[BlackTeamCountry "UZB"]
[TimeControl "40/5400+30:1800+30"]

1. d4 d5 2. c4 e6 3. Nc3 c5 4. e3 cxd4 5. exd4 Nf6 6. Nf3 Be7 7. Bg5 O-O 8. Rc1 dxc4 9. Bxc4 a6 10. O-O b5 11. Bb3 Bb7 12. Re1 Nbd7 13. Qe2 b4 14. Na4 Nd5 15. Bd2 Qa5 16. a3 Qb5 17. axb4 Bxb4 18. Bxd5 Qxe2 19. Rxe2 Bxd2 20. Bxb7 Bxc1 21. Bxa8 Rxa8 22. Rc2 Bf4 23. g3 Bd6 24. Rc6 Bb4 25. Nc5 Nxc5 26. dxc5 Ba5 27. Ne5 Kf8 28. Nc4 Bd8 29. Nb6 Bxb6 30. Rxb6 a5 31. Kg2 a4 32. Kf3 a3 33. bxa3 Rxa3+ 34. Ke4 Rc3 35. c6 Ke7 36. Rb7+ Kf6 37. c7 h5 38. h4 Rc4+ 39. Kd3 Rc1 40. f3 Ke5 41. c8=Q Rxc8 42. Rxf7 Rg8 43. f4+ Kd5 44. Rd7+ Kc6 45. Ra7 e5 46. f5 Kd5 47. Ra5+ Kd6 48. Ke4 Rb8 49. Ra6+ Ke7 50. Rg6 Kf7 51. Kxe5 Rb4 52. Rg5 Rb3 53. Kf4 Rb4+ 54. Kf3 Rb3+ 55. Kg2 Kf6 56. Rxh5 Rb5 57. Rg5 Rxf5 58. Rxf5+ Kxf5 59. Kf3 g6 60. g4+ Kf6 61. Ke4 Ke6 62. Kd4 Kd6 63. Ke4 Ke6 64. Kf4 Kf6 65. Kf3 Kf7 66. Ke4 1/2-1/2

[Event "45th FIDE Womens Olympiad 2024"]
[Site "Budapest"]
[Date "2024.09.15"]
[Round "5.18"]
[White "Kouassi, Edichy Berenice"]
[Black "Fawaz, Nadia"]
[Result "1/2-1/2"]
[ECO "E01"]
[WhiteElo "1528"]
[BlackElo "1747"]
[PlyCount "107"]
[EventDate "2024.09.05"]
[EventType "team-tourn"]
[EventCountry "HUN"]
[WhiteTeam "Cote d/^Ivoire"]
[BlackTeam "Lebanon"]
[BlackTeamCountry "LBN"]
[TimeControl "40/5400+30:1800+30"]

1. d4 d5 2. Nf3 Nf6 3. g3 e6 4. Bg2 Bd6 5. O-O O-O 6. c4 c6 7. Nc3 Nbd7 8. Nd2 b6 9. e4 dxe4 10. Ndxe4 Nxe4 11. Nxe4 Bc7 12. Nc3 Bb7 13. Nb5 cxb5 14. Bxb7 Rb8 15. Bg2 bxc4 16. a4 a6 17. Be3 Nf6 18. Qe2 b5 19. axb5 axb5 20. Ra3 Nd5 21. Bd2 Qf6 22. Rd1 Bd6 23. Ra6 Rb6 24. Ra7 h6 25. Qf3 Qxf3 26. Bxf3 Nf6 27. Rda1 Rfb8 28. R1a6 b4 29. Rxb6 Rxb6 30. Rb7 Rxb7 31. Bxb7 Nd5 32. Ba6 c3 33. bxc3 bxc3 34. Bc1 c2 35. Kf1 Nc3 36. Ke1 Bb4 37. Kd2 Na2+ 38. Kxc2 Nxc1 39. Kxc1 Bc3 40. f3 Bxd4 41. Kc2 Bg1 42. h3 Kf8 43. g4 Ke7 44. Kd3 Kf6 45. Ke4 Kg5 46. f4+ Kh4 47. Bf1 Bh2 48. f5 e5 49. Bg2 h5 50. Kf3 g6 51. fxg6 fxg6 52. gxh5 Kxh5 53. Ke4 Kh4 54. Kf3 1/2-1/2

[Event "45th FIDE Womens Olympiad 2024"]
[Site "Budapest"]
[Date "2024.09.15"]
[Round "5.19"]
[White "Omonova, Umida"]
[Black "Batsiashvili, Nino"]
[Result "1/2-1/2"]
[ECO "C54"]
[WhiteElo "2032"]
[BlackElo "2461"]
[Annotator "TA"]
[PlyCount "147"]
[EventDate "2024.09.05"]
[EventType "team-tourn"]
[EventCountry "HUN"]
[SourceTitle "playchess.com"]
[Source "ChessBase"]
[SourceQuality "1"]
[WhiteTeam "Uzbekistan"]
[BlackTeam "Georgia"]
[WhiteTeamCountry "UZB"]
[BlackTeamCountry "GEO"]
[TimeControl "40/5400+30:1800+30"]

1. e4 e5 2. Nf3 Nc6 3. Bc4 Nf6 4. d3 Bc5 5. O-O d6 6. c3 O-O 7. Nbd2 a5 {[%emt 0:00:14] C54: Giuoco Piano: 4 c3 Nf6, main lines with 5 d4 and 5 d3.} 8. h3 Ba7 9. Re1 Be6 10. Bb5 Ne7 11. Nf1 c6 12. Ba4 Ng6 13. Ng3 h6 14. Bc2 Qd7 $146 ({Predecessor:} 14... Qc8 15. d4 Re8 16. Be3 b5 17. Qd2 Qc7 18. Nf5 Bxf5 19. exf5 Nf8 20. Bxh6 N8h7 21. dxe5 dxe5 {½-½ Dominguez Perez,L (2750)-Andreikin,D (2722) Hengshui IMSA blitz 2019 (7)}) 15. d4 b5 16. Be3 Rfd8 17. Qd2 a4 18. a3 Qe8 19. Rad1 Qf8 20. Qc1 Rac8 21. Nf5 Bb8 22. Re2 (22. Nh2 $5) 22... Bc4 23. Red2 (23. dxe5 $5 dxe5 (23... Bxe2 $2 24. exf6 gxf6 25. Nh2 $18) 24. Red2 $11) 23... d5 (23... Re8 $11) 24. Nxe5 $14 Nxe5 25. dxe5 Bxe5 26. f4 Bc7 27. e5 Nd7 (27... Ne4 $11) 28. Re1 $16 Re8 29. Qd1 $1 c5 (29... g6 $16) 30. Nxh6+ gxh6 31. Qg4+ Qg7 32. Qxd7 Red8 (32... d4 $16) 33. Qe7 Bb6 $2 (33... d4 $16 {was necessary.}) 34. Bf2 d4 35. Bf5 Bd5 36. g4 Rb8 37. cxd4 Ba5 38. Red1 Bxd2 39. Rxd2 c4 40. Bh4 b4 41. axb4 (41. Qxd8+ Rxd8 42. Bxd8 Qf8 $19) 41... Qf8 42. Rc2 Qxe7 43. Bxe7 Re8 44. Bc5 Rb7 45. Rc3 Reb8 46. Bc2 (46. Kf2 $142) 46... Rxb4 $18 47. Bxb4 Rxb4 48. f5 Rxb2 49. Bxa4 Rd2 50. Bb5 Rxd4 {[%emt 0:00:00] [#]} 51. Kf2 (51. Re3 $1 $16 {e6 is the strong threat.} Kf8 52. f6) 51... Re4 $2 {[%emt 0:00:00][%mdl 8192] [#]} (51... Rf4+ $14 52. Ke3 Re4+ 53. Kf2 Kf8) 52. Re3 $1 $18 Rxe3 (52... c3 $142 53. Rxc3 h5) 53. Kxe3 $18 Bg2 54. Bxc4 Bxh3 55. Kf3 $2 (55. Kf4 {White threatens Kg3 and mate.} Bg2 56. f6) 55... h5 $18 56. gxh5 Bxf5 57. Kf4 Bc2 58. Kg5 Bd1 59. h6 Ba4 60. Kf6 Kh7 61. Bxf7 Kxh6 62. e6 Bb5 63. e7 Ba4 64. Bc4 (64. e8=B Bxe8 $11) 64... Be8 65. Bd5 Ba4 66. Kf7 Kg5 67. Kg7 ({And not} 67. e8=B Bxe8+ $11) 67... Bb5 68. Bf7 Ba4 69. Kf8 ({Not} 69. e8=B Bxe8 $11) 69... Kf6 70. Be8 Bc2 71. Bb5 Bg6 72. Bd3 ({Weaker is} 72. e8=R Bxe8 $11) 72... Bh5 73. e8=R (73. Bc4 $16) 73... Bxe8 $11 74. Kxe8 1/2-1/2

[Event "45th FIDE Womens Olympiad 2024"]
[Site "Budapest"]
[Date "2024.09.15"]
[Round "5.19"]
[White "Al Asmar, Remy"]
[Black "Gba, Zotta Marcelle Auror"]
[Result "1-0"]
[ECO "A13"]
[WhiteElo "1661"]
[BlackElo "1427"]
[PlyCount "111"]
[EventDate "2024.09.05"]
[EventType "team-tourn"]
[EventCountry "HUN"]
[WhiteTeam "Lebanon"]
[BlackTeam "Cote d/^Ivoire"]
[WhiteTeamCountry "LBN"]
[TimeControl "40/5400+30:1800+30"]

1. Nf3 e6 2. c4 d5 3. e3 Bd6 4. b3 Ne7 5. Qc2 b6 6. Bb2 f6 7. Bd3 Nf5 8. cxd5 g6 9. dxe6 Bxe6 10. Be4 c6 11. g4 Ng7 12. Bxc6+ Nxc6 13. Qxc6+ Kf7 14. g5 Rc8 15. Qe4 Bf5 16. Qd5+ Be6 17. Qd4 Ne8 18. gxf6 Nxf6 19. Ng5+ Ke8 20. Nxe6 Qe7 21. Ng5 Be5 22. Qa4+ Kf8 23. Ba3 Bd6 24. Bxd6 Qxd6 25. Qa3 Ne8 26. Qxd6+ Nxd6 27. Nc3 Rc5 28. Ne6+ Kf7 29. Nxc5 bxc5 30. Rc1 Rc8 31. Na4 c4 32. bxc4 Nxc4 33. d3 Nd6 34. Rxc8 Nxc8 35. Kd2 Kf6 36. Rc1 Ne7 37. Rc7 a6 38. Rxe7 Kxe7 39. Nc5 a5 40. d4 Kd6 41. e4 h6 42. e5+ Kd5 43. e6 Kd6 44. d5 Ke7 45. Ke3 Kd6 46. Nb7+ Ke7 47. Kd4 Kf6 48. e7 Kxe7 49. Ke5 g5 50. d6+ Ke8 51. Ke6 Kf8 52. d7 Kg7 53. Kf5 Kf7 54. d8=Q Kg7 55. Qe7+ Kg8 56. Kg6 1-0

[Event "45th FIDE Womens Olympiad 2024"]
[Site "Budapest"]
[Date "2024.09.15"]
[Round "5.20"]
[White "Khotenashvili, Bella"]
[Black "Malikova, Marjona"]
[Result "1-0"]
[ECO "D02"]
[WhiteElo "2432"]
[BlackElo "2083"]
[Annotator "TA"]
[PlyCount "139"]
[EventDate "2024.09.05"]
[EventType "team-tourn"]
[EventCountry "HUN"]
[SourceTitle "playchess.com"]
[Source "ChessBase"]
[SourceQuality "1"]
[WhiteTeam "Georgia"]
[BlackTeam "Uzbekistan"]
[WhiteTeamCountry "GEO"]
[BlackTeamCountry "UZB"]
[TimeControl "40/5400+30:1800+30"]

1. d4 d5 2. Bf4 Nf6 3. Nf3 e6 4. e3 Bd6 5. Ne5 O-O 6. Nd2 c5 7. c3 Nc6 8. Bd3 Qc7 9. Ndf3 Ne4 10. O-O f6 11. Nxc6 Bxf4 12. exf4 Qxc6 13. Qe2 Nd6 14. Qc2 f5 15. dxc5 Qxc5 16. Nd4 Bd7 17. Rfe1 Rae8 18. Re3 Nf7 19. Rae1 Qd6 20. Qe2 Nd8 21. g3 a6 22. h4 g6 23. Bc2 Rf6 24. Bb3 Re7 25. Qd1 b5 26. Nf3 Rg7 27. Qd4 Rf8 28. Ng5 h6 {[%emt 0:01:38] [#]} (28... Kh8 $16 {keeps fighting.} 29. a4 h6) 29. Nf3 (29. Nxe6 $1 $18 Bxe6 30. Rxe6 Nxe6 31. Rxe6) 29... Kh7 $16 30. Qd1 Nc6 31. a4 Rb8 32. axb5 axb5 33. Bc2 Qc5 34. b4 Qd6 35. Bd3 Qc7 36. Qe2 (36. Rxe6 Bxe6 37. Rxe6 Re7 (37... Nd8 $2 38. Re3 $18) 38. Rxe7+ Nxe7 $11) 36... Qb6 $2 {[%emt 0:01:26] [#]} (36... Nd8 {was worth a try.} 37. Qd2 Nc6) 37. Rd1 (37. h5 $1 $18 {is the precise move to win.}) 37... Qb7 (37... Kh8 $16 {was called for.} 38. Qe1 Kg8) 38. h5 $18 gxh5 39. Rxe6 $1 Bxe6 40. Qxe6 Ne7 41. Bxf5+ Nxf5 42. Qxf5+ Kh8 43. Qxh5 Qb6 44. Kg2 (44. Qxd5 Rxg3+ 45. Kf1 Rg7 $14) 44... Rf8 45. Rd4 Qd6 46. Ne5 (46. Rxd5 Qxf4 47. Rxb5 Qf6 $18) 46... Kh7 (46... Kg8 $142 47. Qe2 Rb7) 47. Qf3 Rd8 (47... Qe6 {was necessary.} 48. Qd3+ (48. Rxd5 Rxf4 49. Qd1 Rf5 $18) 48... Qf5 49. Rxd5 (49. Qxb5 Rc8 $18) 49... Qxd3 50. Nxd3 Rc8) 48. Qd3+ $18 Kh8 49. Qxb5 Qc7 50. Qd3 Qb7 51. f5 Rd6 52. Ng6+ Kg8 53. Qe3 Qf7 54. Qxh6 Rh7 55. Qg5 Qg7 56. Ne7+ Kf8 57. Qxg7+ Rxg7 58. Nxd5 (58. Rxd5 Kxe7 59. Rc5 Rd3 $17) 58... Ra6 59. g4 Ra2 60. Kg3 Rga7 61. g5 Kg7 62. Re4 Kf7 63. f3 Ra1 64. Rh4 Rg1+ 65. Kf4 Raa1 66. g6+ Kg7 67. Rh7+ Kf8 68. Rf7+ Ke8 69. Nf6+ Kd8 70. g7 1-0

[Event "45th FIDE Womens Olympiad 2024"]
[Site "Budapest"]
[Date "2024.09.15"]
[Round "5.21"]
[White "Kashlinskaya, Alina"]
[Black "Atalik, Ekaterina"]
[Result "1/2-1/2"]
[ECO "B12"]
[WhiteElo "2490"]
[BlackElo "2381"]
[Annotator "TA"]
[PlyCount "105"]
[EventDate "2024.09.05"]
[EventType "team-tourn"]
[EventCountry "HUN"]
[SourceTitle "playchess.com"]
[Source "ChessBase"]
[SourceQuality "1"]
[WhiteTeam "Poland"]
[BlackTeam "Turkiye"]
[WhiteTeamCountry "POL"]
[TimeControl "40/5400+30:1800+30"]

1. e4 c6 2. d4 d5 3. f3 Qb6 4. Nc3 e6 5. a3 Nf6 6. e5 {[%emt 0:00:18] B12: Caro-Kann: Advance Variation.} Nfd7 7. f4 c5 8. Nf3 Nc6 9. dxc5 Bxc5 10. Bd3 Be7 $146 ({Predecessor:} 10... f6 11. exf6 gxf6 12. Qe2 Kd8 13. b4 Nd4 14. Qf2 Nxf3+ 15. Qxf3 Bd4 16. Bb2 Qc6 {1-0 Wei,Y (2729)-Wan,Y (2508) CHN-chT Div A Finals 2023 (3.17)}) 11. Na4 Qc7 12. O-O O-O 13. b3 f6 14. Bb2 fxe5 15. fxe5 a6 16. c4 dxc4 (16... Ndxe5 17. Bxh7+ Kxh7 18. Nxe5 Rxf1+ 19. Kxf1 Nxe5 20. Qh5+ Kg8 21. Bxe5 $14) (16... Ncxe5 17. Nxe5 Rxf1+ $14 (17... Nxe5 $2 18. Bxh7+ Kxh7 19. Qh5+ $18)) 17. bxc4 b5 (17... Ndxe5 $17 18. Be4 Bd7 (18... Nxc4 19. Qc2 $17)) 18. cxb5 $11 axb5 19. Nc3 b4 20. axb4 Rxa1 21. Bxa1 Nxb4 22. Ne4 (22. Nb5 $11 Qa5 23. Be2) 22... Nc5 (22... Nxd3 $15 23. Qxd3 Nc5) 23. Bb1 (23. Nf6+ $1 $11 Bxf6 (23... gxf6 24. Bxh7+ Kxh7 25. Nh4 $11) 24. Bxh7+ Kxh7 25. exf6 gxf6 26. Ng5+ Kg8 (26... fxg5 27. Qh5+ Kg8 28. Qh8#) (26... Kg6 27. Qg4 $11) 27. Bxf6) 23... Ba6 $17 24. Re1 Ncd3 25. Re3 Nf4 26. Nd6 Nbd5 27. Re1 Bxd6 ({Black should try} 27... Be2 $17 28. Qc2 (28. Rxe2 Nxe2+ 29. Qxe2 Qb6+ 30. Bd4 Qxb1+ 31. Qf1 Qxf1+ 32. Kxf1 g5 $17) 28... Qxc2 29. Bxc2 Nh3+ 30. Kh1 Rxf3 (30... Bxf3 31. gxf3 Bh4 32. Rb1 $15) 31. gxh3 Nf4) 28. exd6 $11 Qxd6 29. Kh1 Qb6 30. Bd4 Qb4 31. Be4 Qa3 32. Qa1 Qxa1 33. Rxa1 Bd3 34. Ra7 Nf6 (34... Bxe4 $2 {too greedy.} 35. Rxg7+ Kh8 36. Rg6+ $18) 35. Bxd3 Nxd3 36. g3 Re8 37. Ne5 Nxe5 38. Bxe5 Rd8 39. Re7 Rd1+ 40. Kg2 Re1 41. Bxf6 gxf6 42. Kf2 Re5 43. g4 h5 44. gxh5 Kf8 45. Rh7 Rg5 46. Kf3 Kg8 47. Re7 $1 e5 48. h6 $1 Rh5 49. Kg4 Rxh6 50. Kf5 Rh7 51. Re6 $1 Rh6 52. Re7 Rh7 53. Ke4 $2 (53. Re6 $11) 1/2-1/2